 Dungeon Crawl Stone Soup version 0.29-a0-96-g93358da72b (webtiles) character file.

Game seed: 9449534573649720548

2660 cyrus the Slasher (level 9, -7/82 HPs)
             Began as a Deep Dwarf Fighter on Feb 11, 2022.
             Was an Initiate of Yredelemnul.
             Killed by divine providence
             ... invoked by an orc priest
              (14 damage)
             ... on level 7 of the Dungeon.
             The game lasted 00:29:04 (5046 turns).

cyrus the Slasher (Deep Dwarf Fighter)              Turns: 5046, Time: 00:29:05

Health: -7/82      AC: 13    Str: 22    XL:     9   Next: 36%
Magic:  0/0        EV: 19    Int:  9    God:    Yredelemnul [......]
Gold:   198        SH: 14    Dex: 14    Spells: 8/8 levels left

rFire   . . .      SeeInvis .   a - +0 long sword
rCold   . . .      Faith    .   w - +0 tower shield
rNeg    . . .      Spirit   .   q - +0 plate armour
rPois   +          Reflect  .   (no helmet)
rElec   .          Harm     .   (no cloak)
rCorr   .          Rampage  .   (no gloves)
Will    +....                   (no boots)
Stlth   ..........              s - amulet of the acrobat
HPRegen 0.00/turn               f - ring of poison resistance
MPRegen 0.07/turn               (no ring)

@: acrobatic
A: damage resistance, heal wounds, sense surroundings 2, no regeneration
a: Heal Wounds, Renounce Religion, Recall Undead Harvest


You were on level 7 of the Dungeon.
You worshipped Yredelemnul.
Yredelemnul was noncommittal.
You visited 1 branch of the dungeon, and saw 7 of its levels.

You collected 198 gold pieces.

Inventory:

Hand Weapons
 a - a +0 long sword (weapon)
 p - a +3 quarterstaff of chaos
 t - a +0 great mace
Armour
 b - a +0 scale mail
 c - a +0 buckler
 q - a +0 plate armour (worn)
 w - a +0 tower shield (worn)
Jewellery
 f - a ring of poison resistance (left hand)
 s - an amulet of the acrobat (around neck)
 x - a ring of protection from fire
 y - a ring of protection from fire
Scrolls
 e - a scroll of torment {unknown}
 g - a scroll of blinking {unknown}
 h - a scroll of immolation
 i - a scroll of noise {unknown}
 j - 7 scrolls of identify {unknown}
 k - a scroll of amnesia {unknown}
 n - a scroll of teleportation {unknown}
 r - a scroll of enchant armour {unknown}
 u - a scroll of brand weapon {unknown}
 B - 3 scrolls of fear {unknown}
Potions
 d - a potion of cancellation {unknown}
 l - a potion of degeneration {unknown}
 m - a potion of lignification {unknown}
 o - a potion of heal wounds {unknown}
 v - a potion of ambrosia {unknown}
 z - a potion of mutation {unknown}
 A - a potion of curing {unknown}


   Skills:
 + Level 6.0 Fighting
 + Level 7.5 Long Blades
 + Level 7.3 Armour
 + Level 2.1 Dodging
 + Level 1.1 Stealth
 + Level 6.9 Shields
 + Level 2.5 Invocations


You had 8 spell levels left.
You didn't know any spells.
Your spell library contained the following spells:

 Spells                   Type           Power      Damage    Failure   Level
 Corpse Rot               Necr/Air       0%         N/A       100%        2
 Poisonous Vapours        Pois/Air       0%         N/A       100%        2


Dungeon Overview and Level Annotations

Branches:
Dungeon (7/15)             Temple (0/1) D:6

Altars:
Makhleb
Yredelemnul

Shops:
D:3 !:=!

Annotations:
D:4 2 transporters, Cecur's ghost, amateur FoWn


Innate Abilities, Weirdness & Mutations

You are resistant to damage.
You can heal yourself by infusing magical energy.
You passively map the area around you.
You do not regenerate.


Message History

Unknown command.
Really read the scroll of immolation?
Okay, then.
Really read the scroll of immolation? [Y]es or [N]o only, please.
Really read the scroll of immolation?
Okay, then.
You barely miss the orc warrior.
The orc warrior is almost dead.
You block the orc's attack.
The orc warrior hits you but does no damage.
You block the orc priest's attack. The orc hits you but does no damage.
You barely miss the orc warrior.
The orc warrior is almost dead.
The orc warrior hits you with a +0 war axe!
* * * LOW HITPOINT WARNING * * *
The orc priest barely misses you. You block the orc's attack.
You block the orc warrior's attack. You block the orc priest's attack.
Unknown command.
You hit the orc warrior.
You kill the orc warrior!
A black mist starts to gather...
You block the orc's attack.
The orc priest hits you but does no damage.
Unknown command.
You swap places.
You block the orc's attack.
Your orc warrior zombie hits the orc!
The orc dies!
You block the orc priest's attack.
Your orc warrior zombie hits the orc priest.
You block the orc priest's attack.
The orc priest looks encouraged for a moment.
Your orc warrior zombie hits the orc priest but does no damage.
The orc priest calls down the wrath of Beogh upon you.
You resist with some effort.
Your orc warrior zombie closely misses the orc priest.
Found a stone staircase leading up.
The orc priest mumbles some strange prayers to Beogh against you.
Beogh smites you!
You die...
Your body rises from the dead as a mindless zombie.

, #.....# *,
,, ..*#.....#
, ,, ,,
..##.....## *
, ,
.......Z..# ,
,
,,..........#,
, * *
###...o..#,, *
, , ,
*#.....## ,
,,* , ,
,,#.....#*,, ,
* ,* ,
,*#...@.#* ,
,, #.....# ,,
, * ,,
...'....... ,
, ,
,..##.........
, , .
#........... ,
............ ,
,
.............
.##.....##..<.
*


You could see an orc priest (ally target) and a friendly orc warrior zombie.

Vanquished Creatures
  Pikel (D:4)
  A water moccasin (D:6)
  3 orc warriors
  A sky beast (D:6)
  An ice beast (D:5)
  A necrophage (D:7)
  2 ogres
  A black bear (D:5)
  A phantom (D:4)
  4 lemures (D:4)
  A bullfrog (D:7)
  3 bullfrog zombies (D:6)
  A centaur zombie (D:5)
  A hound (D:6)
  A jelly (D:5)
  Crazy Yiuf (D:3)
  3 orc priests
  A bullfrog skeleton (D:6)
  A centaur skeleton (D:6)
  2 iguanas (D:5)
  Jessica (D:3)
  4 orc wizards (D:6)
  2 killer bee zombies
  A hound skeleton (D:4)
  6 adders
  2 white imps (D:6)
  2 worms
  2 dart slugs
  20 orcs
  2 bats
  3 endoplasms (D:2)
  5 giant cockroaches
  5 goblins
  3 hobgoblins
  A quokka (D:2)
  4 ball pythons
  3 kobolds
  A rat (D:2)
98 creatures vanquished.

Vanquished Creatures (collateral kills)
  A wyvern (D:5)
  A phantom (D:5)
  2 scorpions
  A hound (D:6)
  2 adders
  2 worms
  3 orcs
  2 endoplasms (D:4)
  4 kobolds
  A quokka (D:2)
  3 ball pythons
  2 bats (D:2)
  A frilled lizard (D:3)
25 creatures vanquished.

Vanquished Creatures (others)
  A bullfrog zombie (D:7)
  An ogre zombie (D:7)
  A spectral white imp (D:6)
  2 adder zombies
  2 bat zombies (D:2)
  A ball python zombie (D:3)
  A giant cockroach zombie (D:4)
  2 goblin zombies (D:4)
  A human zombie (D:3)
  10 orc zombies
  A quokka zombie (D:2)
  A rat zombie (D:2)
  2 spectral endoplasms (D:2)
26 creatures vanquished.

Grand Total: 149 creatures vanquished

Notes
Turn   | Place    | Note
-------+----------+-------------------------------------------
     0 | D:1      | cyrus the Deep Dwarf Fighter began the quest for the Orb.
     0 | D:1      | Reached XP level 1. HP: 20/20 MP: 1/1
   328 | D:1      | Reached XP level 2. HP: 24/27 MP: 2/2
   402 | D:1      | Found a faded altar of an unknown god.
   418 | D:1      | Prayed at the altar of an unknown god.
   418 | D:1      | Became a worshipper of Yredelemnul the Dark
   418 | D:1      | Reached * piety under Yredelemnul
   922 | D:2      | Reached XP level 3. HP: 29/34 MP: 3/3
  1092 | D:2      | Found a burning altar of Makhleb.
  1128 | D:2      | Reached ** piety under Yredelemnul
  1364 | D:3      | Noticed Jessica
  1380 | D:3      | Killed Jessica
  1381 | D:3      | Reached XP level 4. HP: 25/42 MP: 4/4
  1464 | D:3      | Found Buoppu's Distillery.
  1529 | D:3      | Your ally Jessica died
  1687 | D:3      | Found Illorph's Jewellery Emporium.
  1708 | D:3      | Found a runed translucent door.
  1709 | D:3      | Noticed Crazy Yiuf
  1743 | D:3      | Found Qus Byhe's Distillery.
  1777 | D:3      | Found Seinol's Book Shop.
  1921 | D:3      | Killed Crazy Yiuf
  1922 | D:3      | Reached skill level 1 in Dodging
  1922 | D:3      | Reached XP level 5. HP: 38/49 MP: 2/4
  2005 | D:4      | Found a transporter.
  2069 | D:4      | Found a transporter.
  2071 | D:4      | Noticed Cecur's ghost (amateur FoWn)
  2072 | D:4      | Identified the +7 dire flail of cyrus's Peril {vorpal, rC+}
  2072 | D:4      | Noticed an ogre
  2091 | D:4      | Noticed a phantom
  2110 | D:4      | Noticed a lemure
  2120 | D:4      | Noticed Pikel
  2121 | D:4      | Noticed a lemure
  2121 | D:4      | Noticed a lemure
  2122 | D:4      | Noticed a lemure
  2144 | D:4      | Killed a phantom
  2160 | D:4      | Killed a lemure
  2164 | D:4      | Killed a lemure
  2173 | D:4      | Killed a lemure
  2181 | D:4      | Killed a lemure
  2194 | D:4      | Killed Pikel
  2195 | D:4      | Reached skill level 5 in Armour
  2195 | D:4      | Reached XP level 6. HP: 39/58 MP: 1/4
  2195 | D:4      | Reached XP level 7. HP: 45/66 MP: 1/5
  2429 | D:4      | Reached skill level 5 in Shields
  2627 | D:5      | Entered Level 5 of the Dungeon
  2688 | D:5      | Reached skill level 5 in Long Blades
  2714 | D:5      | Noticed a wyvern
  2730 | D:5      | Killed a wyvern
  2731 | D:5      | Reached skill level 1 in Invocations
  2731 | D:5      | Reached XP level 8. HP: 43/73 MP: 6/6
  3118 | D:5      | Reached skill level 5 in Fighting
  3885 | D:6      | Reached skill level 1 in Stealth
  4168 | D:6      | Gained mutation: You passively map the area around you.
                  | [Deep Dwarf growth]
  4168 | D:6      | Reached XP level 9. HP: 70/81 MP: 2/2
  4481 | D:6      | Found a staircase to the Ecumenical Temple.
  5046 | D:7      | Killed from afar by an orc priest

Illustrated notes

Levels and vault maps discovered:
D:1:      heliophobic_arrival_ceremonial_halls, layout_basic,
          hellmonk_ecumenical_altar_blasted
D:2:      layout_rooms, basic_altar
D:3:      layout_rooms, serial_shops, nicolae_shop_behind_doors,
          nicolae_square_shop, shop_fountains, nicolae_shop_crystal,
          uniq_jessica, uniq_crazy_yiuf_cottage
D:4:      layout_cave_pools, gammafunk_ghost_smash, uniq_pikel
D:5:      layout_gridville, kennysheep_cross_bottleneck
D:6:      layout_gridville, minmay_temple_entry_trees, kennysheep_another_room
D:7:      layout_gridville, pf_just_have_faith, enter_ossuary_3,
          nicolae_shop_sticking_my_neck_out

Skill      XL: |  1  2  3  4  5  6  7  8  9 |
---------------+----------------------------+-----
Fighting       | 3 4 5 6 |  6.0
Long Blades    | 3 4 5 7 |  7.5
Armour         | 4 5 6 7 |  7.3
Dodging        | 1 2 |  2.1
Shields        | 4 5 6 |  6.9
Invocations    | 1 2 |  2.5
Stealth        | 1 |  1.1

Action                   |  1- 3 |  4- 6 |  7- 9 || total
-------------------------+-------+-------+-------++-------
Melee: Long sword        |    91 |   118 |   292 ||   501
Invok: Recall Undead Har |     2 |     5 |     4 ||    11
       Dark Bargain      |       |       |     3 ||     3
 Abil: Heal Wounds       |     3 |    12 |    20 ||    35
  Use: Potion            |     1 |     1 |       ||     2
 Stab: Distracted        |       |       |     4 ||     4
Armor: Scale mail        |    40 |     9 |       ||    49
       Plate armour      |       |   139 |   158 ||   297
Dodge: Dodged            |    56 |    86 |    74 ||   216
Block: Buckler           |    29 |    80 |    15 ||   124
       Tower shield      |       |       |   218 ||   218

Table legend: (Time is in decaauts)
 A = Elapsed time spent in this place.
 B = Non-inter-level travel time spent in this place.
 C = Inter-level travel time spent in this place.
 D = Time resting spent in this place.
 E = Time spent auto-exploring this place.
 F = Levels seen in this place.
 G = Mean time per level.
                   A        B        C        D        E       F      G
               +--------+--------+--------+--------+--------+-----+--------+
         Total |   5190 |   5165 |     25 |    540 |   2810 |   7 |  741.4 |
       Dungeon |   5190 |   5165 |     25 |    540 |   2810 |   7 |  741.4 |
               +--------+--------+--------+--------+--------+-----+--------+

Top non-repeatable levels by time:
     D:6: 1301 daAuts
     D:5: 1037 daAuts
     D:1: 740 daAuts
     D:3: 652 daAuts
     D:4: 651 daAuts
     D:2: 635 daAuts
     D:7: 170 daAuts
